 Dungeon Crawl Stone Soup version 0.22.1-1-ga44c0e56f4 (webtiles) character file.

196 Ivernyr the Magician (level 5, -2/42 HPs)
             Began as a Naga Wizard on Oct 26, 2018.
             Slain by a kobold
             ... wielding a +0 short sword
              (4 damage)
             ... on level 2 of the Dungeon.
             The game lasted 00:10:44 (1573 turns).

Ivernyr the Magician (Naga Wizard)                  Turns: 1573, Time: 00:10:45

Health: -2/42      AC:  3    Str: 10    XL:     5   Next: 75%
Magic:  1/11       EV: 11    Int: 19    God:
Gold:   86         SH:  0    Dex:  9    Spells: 4/13 levels left

rFire    . . .     SeeInvis +   c - +0 whip
rCold    . . .     Gourm    .   (no shield)
rNeg     . . .     Faith    .   a - +0 robe
rPois    +         Spirit   .   b - +0 hat
rElec    .         Reflect  .   f - +0 cloak
rCorr    .         Harm     .   (no gloves)
MR       .....                  (no barding)
Stlth    ++........             (no amulet)
HPRegen  0.14/turn              e - -2 ring of evasion (curse)
MPRegen  0.12/turn              g - +3 ring of evasion

@: very slow
A: large, see invisible, deformed body, poison resistance, slowness 2, slow
metabolism 1, spit poison 1, AC +1
a: Spit Poison


You were on level 2 of the Dungeon.
You were hungry.

You visited 1 branch of the dungeon, and saw 2 of its levels.

You collected 86 gold pieces.

Inventory:

Hand Weapons
 c - a +0 whip (weapon)
Armour
 a - a +0 robe (worn)
 b - a +0 hat (worn)
 f - a +0 cloak (worn)
Jewellery
 e - a cursed -2 ring of evasion (left hand)
 g - a +3 ring of evasion (right hand)
Scrolls
 h - 2 scrolls of teleportation {unknown}
 j - a scroll of identify {unknown}
 k - a scroll of random uselessness {unknown}
Potions
 i - a potion of flight {unknown}
Comestibles
 d - 3 rations


   Skills:
 - Level 1.5 Dodging
 - Level 3.0 Stealth
 + Level 4.6 Spellcasting
 + Level 3.8 Conjurations
   Level 1.0 Summonings
 - Level 1.0 Translocations


You had 4 spell levels left.
You knew the following spells:

 Your Spells              Type           Power        Failure   Level  Hunger
a - Magic Dart            Conj           ###.         2%          1    None
b - Blink                 Tloc           N/A          13%         2    #......
c - Conjure Flame         Conj/Fire      ##......     17%         3    ###....
d - Mephitic Cloud        Conj/Pois/Air  #.......     22%         3    ###....

Your spell library contained the following spells:

 Spells                   Type           Power        Failure   Level  Hunger
 Call Imp                 Summ           #.......     13%         2    #......
 Slow                     Hex            #.......     21%         2    #......


Dungeon Overview and Level Annotations

Branches:
Dungeon (2/15)

Altars:
Nemelex Xobeh


Innate Abilities, Weirdness & Mutations

You cannot wear boots.
Your serpentine skin is tough. (AC +1)
You have supernaturally acute eyesight. (SInv)
Armour fits poorly on your strangely shaped body.
Your system is resistant to poisons. (rPois)
You cover ground very slowly.
You have a slow metabolism.
You can spit poison.


Message History

The kobold hits you with a short sword.
* * * LOW HITPOINT WARNING * * *
The frilled lizard closely misses you. The hobgoblin barely misses you.
The kobold closely misses you.
You hit the hobgoblin.
The hobgoblin is severely wounded.
The frilled lizard bites you but does no damage.
The hobgoblin completely misses you. The kobold hits you with a short sword.
* * * LOW HITPOINT WARNING * * *
The frilled lizard misses you.
You hit the hobgoblin.
You kill the hobgoblin!
The kobold barely misses you. The frilled lizard closely misses you.
The kobold barely misses you. The frilled lizard bites you.
* * * LOW HITPOINT WARNING * * *
You see here a club.
The kobold hits you but does no damage. The frilled lizard bites you.
* * * LOW HITPOINT WARNING * * *
The kobold hits you with a short sword.
You die...

#........'.#####
.#.......#...).#
.........#####.########
.........##...........#
........###.##.#..###..#
.......## #............#
......## #.####.####..#
.(...## .. ##.l)K.## #
....## ). #...@†..#
##### . #.......#
#....._.....#
#.#...)...#.#
#.#.......#.# #
##.....## # ###.### ...


You could see a kobold and a frilled lizard.

Vanquished Creatures
  Sigmund (D:2)
  An adder (D:2)
  A dart slug (D:1)
  A leopard gecko (D:2)
  A ball python (D:1)
  3 giant cockroaches
  8 goblins
  3 hobgoblins
  2 kobolds (D:1)
  4 bats
  11 frilled lizards
  7 rats
43 creatures vanquished.

Notes
Turn   | Place    | Note
-------+----------+-------------------------------------------
     0 | D:1      | Ivernyr the Naga Wizard began the quest for the Orb.
     0 | D:1      | Reached XP level 1. HP: 15/15 MP: 4/4
   164 | D:1      | Reached XP level 2. HP: 21/22 MP: 1/6
   168 | D:1      | Learned a level 2 spell: Blink
   727 | D:1      | Reached XP level 3. HP: 28/28 MP: 3/7
   813 | D:1      | Learned a level 3 spell: Conjure Flame
   817 | D:1      | Learned a level 3 spell: Mephitic Cloud
  1544 | D:2      | Found a sparkling altar of Nemelex Xobeh.
  1548 | D:2      | Noticed Sigmund
  1561 | D:2      | Killed Sigmund
  1561 | D:2      | Reached skill level 4 in Spellcasting
  1561 | D:2      | Reached XP level 4. HP: 18/36 MP: 1/10
  1561 | D:2      | Reached XP level 5. HP: 21/42 MP: 1/11
  1573 | D:2      | HP: 2/42 [frilled lizard (3)]
  1573 | D:2      | Slain by a kobold

Skill      XL: |  1  2  3 |
---------------+----------+-----
Conjurations   | 2 3 |  3.8
Spellcasting   | 4 |  4.6
Dodging        | |  1.5
Stealth        | |  3.0
Summonings     | |  1.0
Translocations | |  1.0

Action                   |  1- 3 |  4- 6 || total
-------------------------+-------+-------++-------
Melee: Whip              |    31 |     9 ||    40
 Cast: Magic Dart        |    68 |     1 ||    69
       Mephitic Cloud    |     2 |       ||     2
 Abil: Spit Poison       |     8 |       ||     8
  Eat: Chunk             |     1 |       ||     1
Armor: Robe              |     5 |     6 ||    11
Dodge: Dodged            |    26 |    21 ||    47
